 Dungeon Crawl Stone Soup version 0.32-a0-814-g0968bab981 (webtiles) character file.

Game seed: 16537571983185832575

74 mangosap the Cudgeller (level 4, -1/37 HPs)
             Began as a Human Berserker on Mar 22, 2024.
             Was a Believer of Trog.
             Slain by a gnoll
             ... wielding a +0 flail
              (8 damage)
             ... on level 2 of the Dungeon.
             The game lasted 00:25:18 (1434 turns).

mangosap the Cudgeller (Human Berserker)            Turns: 1434, Time: 00:25:19

Health: -1/37      AC:  4    Str: 19    XL:     4   Next: 28%
Magic:  13/13      EV: 10    Int:  7    God:    Trog [**....]
Gold:   81         SH:  3    Dex: 13    Spells: 3/3 levels left

rFire   . . .        k - +1 flail
rCold   + . .        w - +0 buckler
rNeg    . . .        i - +1 leather armour
rPois   .            (no helmet)
rElec   .            (no cloak)
rCorr   .            (no gloves)
SInv    .            (no boots)
Will    .....        (no amulet) Stlth
                     j - ring of protection from cold
HPRegen 0.26/turn    s - ring of magical power
MPRegen 0.13/turn

%: no passive effects
@: silenced
A: explore regen
a: Renounce Religion


You were on level 2 of the Dungeon.
You worshipped Trog.
Trog was pleased with you.
You visited 1 branch of the dungeon, and saw 2 of its levels.

You collected 81 gold pieces.

Inventory:

Hand Weapons
 a - a +0 mace
 c - a +0 dagger
 d - a +0 club
 e - a +0 dagger
 h - a +0 dagger
 k - a +1 flail (weapon)
 l - a +0 dagger
 m - a +0 dagger
 n - a +0 short sword
 o - a +0 club
 p - a +0 dagger
 q - a +0 whip
 r - a +0 club
 t - a +0 war axe
 x - a +0 short sword
 y - a +0 dagger
 z - a +0 mace
 C - a +0 club
 E - a +0 dagger
Missiles
 f - 6 stones (quivered)
Armour
 b - a +0 animal skin
 i - a +1 leather armour (worn)
 w - a +0 buckler (worn)
 A - an orb of energy
 B - a +0 leather armour
Jewellery
 j - a ring of protection from cold (left hand)
 s - a ring of magical power (right hand)


   Skills:
 + Level 3.6 Fighting
 + Level 3.9 Maces & Flails
 + Level 2.5 Armour
 + Level 2.3 Dodging


You had 3 spell levels left.
You didn't know any spells.
Your spell library contained the following spells:

 Spells                   Type           Power      Damage    Failure   Level
 Inner Flame              Hex/Fire       0%         N/A       91%         3
 Flame Wave               Conj/Fire      0%         2d4       100%        4
 Sticky Flame             Fire/Alch      0%         2d4       100%        4


Dungeon Overview and Level Annotations

Branches:
Dungeon (2/15)

Altars:
Vehumet


Innate Abilities, Weirdness & Mutations

You regain HP and MP as you explore.


Message History

You block the kobold's attack. You block the gnoll's attack.
You hit the kobold but do no damage.
A gnoll comes into view. It is wielding a +0 flail.
The gnoll misses you. You block the kobold's attack.
The gnoll hits you from afar with a +0 halberd.
* * * LOW HITPOINT WARNING * * *
The kobold hits you with a +0 club.
* * * LOW HITPOINT WARNING * * *
The kobold attacks as it pursues you! The kobold barely misses you.
The kobold attacks as it pursues you! The kobold barely misses you.
The kobold attacks as it pursues you! The kobold misses you.
You hit the kobold but do no damage. The kobold closely misses you.
You barely miss the kobold. The kobold hits you with a +0 club.
* * * LOW HITPOINT WARNING * * *
As you read the scroll labelled RAEFUO GYAW, it crumbles to dust.
It is a scroll of enchant armour.
Your +0 leather armour glows green for a moment.
The kobold hits you with a +0 club.
* * * LOW HITPOINT WARNING * * *
As you read the scroll labelled ZANYLASITA, it crumbles to dust.
It is a scroll of enchant weapon.
Your +0 flail glows red for a moment.
The kobold barely misses you.
As you read the scroll labelled TYEB VAEMPIKH, it crumbles to dust.
It is a scroll of amnesia.
You feel forgetful for a moment. The kobold barely misses you.
As you read the scroll labelled KAFUAN ZUUQAUTA, it crumbles to dust.
A profound silence engulfs you.
It was a scroll of silence.
The kobold barely misses you.
You hit the kobold but do no damage. You block the kobold's attack.
You thump the kobold!
You kill the kobold!
Trog accepts your kill.
You can now call upon Trog for regeneration and willpower.
The ball python closely misses you. The ball python grabs you.
The ball python constricts you.
You hit the ball python.
You kill the ball python!
Trog accepts your kill. The gnoll hits you with a +0 flail!
You die...

####### #######.....##
.........#...############
#######.##.#............#
###......### #.# ###
#...##.# #.# # ....
#.###.#.# #.# ##.##.#.#
#..########.# ...# ...
#...@gg.....#####
.######.#
##..########.#...#####
.### #.###.#.#
##.#.#...... ...#
#...##.# #..S.g......
.#.# ##.###.#
#...#S###... .#.# #.# #.#
####.(.#)## .#.# #.# #.#
#.......Sg# .#.# #.#
#.####.......$.#.. .#.#
###.###..................


You could see 2 gnolls.

Vanquished Creatures
  2 adders (D:2)
  A gnoll (D:2)
  A dart slug (D:2)
  A ribbon worm (D:2)
  An endoplasm (D:1)
  3 giant cockroaches
  5 goblins
  6 hobgoblins
  A quokka (D:2)
  3 ball pythons
  3 bats
  2 frilled lizards (D:1)
  8 kobolds
  5 rats
42 creatures vanquished.

Notes
Turn   | Place    | Note
-------+----------+-------------------------------------------
     0 | D:1      | mangosap the Human Berserker began the quest for the Orb.
     0 | D:1      | Reached XP level 1. HP: 18/18 MP: 1/1
    66 | D:1      | Reached XP level 2. HP: 12/24 MP: 2/2
   567 | D:1      | Reached XP level 3. HP: 26/29 MP: 3/3
   605 | D:1      | Reached ** piety under Trog
   855 | D:2      | Found a faded altar of an unknown god.
  1133 | D:2      | Found a radiant altar of Vehumet.
  1178 | D:2      | Reached XP level 4. HP: 8/37 MP: 4/4
  1434 | D:2      | Slain by a gnoll

Illustrated notes

Levels and vault maps discovered:
D:1:      amcnicky_arrival_underground_garden, layout_basic, st_stairs_9,
          amcnicky_mini_pool_small
D:2:      layout_loops_ring, shapermc_ecumenical_altar_notcrosses, basic_altar,
          grunt_ministairs_9

Action                     |  1- 3 |  4- 6 || total
---------------------------+-------+-------++-------
  Melee: Mace              |    83 |       ||    83
         Flail             |    69 |    17 ||    86
  Throw: Stone             |     9 |       ||     9
 Invoke: Berserk           |     1 |       ||     1
    Use: Scroll            |       |     4 ||     4
         Potion            |       |     2 ||     2
 Armour: Animal skin       |    28 |       ||    28
         Leather armour    |    80 |    15 ||    95
  Dodge: Dodged            |   113 |    15 ||   128
  Block: Buckler           |     4 |     4 ||     8

Table legend: (Time is in decaauts)
 A = Elapsed time spent in this place.
 B = Non-inter-level travel time spent in this place.
 C = Inter-level travel time spent in this place.
 D = Time resting spent in this place.
 E = Time spent auto-exploring this place.
 F = Levels seen in this place.
 G = Mean time per level.
                   A        B        C        D        E       F      G
               +--------+--------+--------+--------+--------+-----+--------+
         Total |   1479 |   1460 |     19 |     39 |      0 |   2 |  739.5 |
       Dungeon |   1479 |   1460 |     19 |     39 |      0 |   2 |  739.5 |
               +--------+--------+--------+--------+--------+-----+--------+

Top non-repeatable levels by time:
     D:1: 777 daAuts
     D:2: 701 daAuts
